 Dungeon Crawl Stone Soup version 0.18.1-50-g88ac8fd (webtiles) character file.

103 roflturtle the Slasher (level 5, -9/41 HPs)
             Began as a Formicid Fighter on Oct 17, 2016.
             Mangled by an ice beast (10 damage)
             ... on level 3 of the Dungeon.
             The game lasted 00:06:07 (1486 turns).

roflturtle the Slasher (Formicid Fighter)           Turns: 1486, Time: 00:06:10

Health: -9/41      AC:  6    Str: 21    XL:     5   Next: 6%
Magic:  5/5        EV:  8    Int:  8    God:
Gold:   191        SH:  9    Dex: 10    Spells: 0 memorised, 4 levels left

rFire  . . .     SeeInvis +     a - +0 long sword
rCold  . . .     Gourm    .     b - +0 scale mail
rNeg   . . .     Faith    .     c - +0 shield
rPois  .         Spirit   .     (helmet unavailable)
rElec  .         Dismiss  .     (no cloak)
rCorr  .         Reflect  .     (no gloves)
SustAt .         Harm     .     (no boots)
MR     .....                    (no amulet)
Stlth  ..........               (no ring)
                                (no ring)

@: not resistant to hostile enchantments, extremely unstealthy
A: permanent stasis, dig shafts and tunnels, four strong arms, antennae 3
a: Dig, Shaft Self


You were on level 3 of the Dungeon.
You were not hungry.

You visited 1 branch of the dungeon, and saw 3 of its levels.

You collected 191 gold pieces.

Inventory:

Hand Weapons
 a - a +0 long sword (weapon)
 m - a +1 mace of protection
 p - a +1 dagger of protection
Armour
 b - a +0 scale mail (worn)
 c - a +0 shield (worn)
Scrolls
 e - 2 scrolls of enchant weapon {unknown}
 i - 4 scrolls of remove curse {unknown}
 j - 2 scrolls of recharging {unknown}
 k - 3 scrolls of fog {unknown}
 o - a scroll of fear {unknown}
 q - a scroll of magic mapping {unknown}
 r - a scroll of identify {unknown}
Potions
 d - 2 potions of might
 n - a potion of cancellation {unknown}
 s - a potion of brilliance {unknown}
Comestibles
 f - 2 bread rations
 g - 5 chunks of flesh
 h - 2 beef jerkies
 l - a royal jelly


   Skills:
 - Level 3.2 Fighting
 + Level 4.6 Long Blades
 - Level 3.2 Armour
 - Level 4.0 Shields


You had 4 spell levels left.
You didn't know any spells.

Dungeon Overview and Level Annotations

Branches:
Dungeon (3/15)

Altars:


Innate Abilities, Weirdness & Mutations

You are under a permanent stasis effect.
You can dig through walls and to a lower floor.
Your four strong arms can wield two-handed weapons with a shield.
You have a pair of large antennae on your head (SInv).


Message History

f - 2 bread rations (gained 1)
An ice beast comes into view.
A goblin comes into view. It is wielding a club.
The goblin shouts!
An adder comes into view.
You barely miss the ice beast. The ice beast hits you.
The ice beast freezes you!
Your shield and scale mail prevent you from hitting the ice beast.
The ice beast hits you. The ice beast freezes you.
You hit the ice beast but do no damage. The ice beast hits you.
* * * LOW HITPOINT WARNING * * *
The ice beast freezes you!
* * * LOW HITPOINT WARNING * * *
You slash the ice beast!
The ice beast is moderately wounded.
You hear the rusting of a distant drain.
The ice beast hits you.
* * * LOW HITPOINT WARNING * * *
The ice beast freezes you!
You die...

......## #.#.# .####..#
#####.#.#### .#
##[###.....#....#
.#####..##.#####....#
.##........# #....#
.##.###..#######....####
... ....................
###.####..######.###....
##.# #@# .... .# #Y#
.... .# #g# .. .. .S.
... ..... ..... #......


You could see an ice beast, an adder and a goblin.

Vanquished Creatures
  5 adders
  2 worms (D:3)
  2 giant geckos (D:3)
  An orc (D:3)
  9 bats
  2 giant cockroaches (D:2)
  7 goblins
  7 hobgoblins
  2 jackals (D:3)
  4 giant newts
  4 kobolds
  6 rats
51 creatures vanquished.

Notes
Turn   | Place    | Note
--------------------------------------------------------------
     0 | D:1      | roflturtle the Formicid Fighter began the quest for the Orb.
     0 | D:1      | Reached XP level 1. HP: 18/18 MP: 1/1
   195 | D:1      | Reached XP level 2. HP: 24/24 MP: 2/2
   486 | D:1      | Reached XP level 3. HP: 28/29 MP: 3/3
   930 | D:2      | Reached XP level 4. HP: 35/35 MP: 4/4
  1454 | D:3      | Reached XP level 5. HP: 32/41 MP: 5/5
  1479 | D:3      | Noticed an ice beast
  1486 | D:3      | HP: 1/41 [ice beast (3)]
  1486 | D:3      | Mangled by an ice beast

Skill      XL: |  1  2  3  4 |
---------------+-------------+-----
Shields        | 4 |  4.0
Long Blades    | 3 4 |  4.6
Fighting       | |  3.2
Armour         | |  3.2

Action                   |  1- 3 |  4- 6 || total
-------------------------+-------+-------++-------
Melee: Long sword        |   131 |    44 ||   175
 Abil: Dig               |       |     1 ||     1
  Eat: Chunk             |       |     2 ||     2
Armor: Scale mail        |    66 |    11 ||    77
Dodge: Dodged            |    56 |     9 ||    65
Block: Shield            |    80 |    16 ||    96
